 Dungeon Crawl Stone Soup version 0.30.0-13-g156ef70053 (webtiles) character file.

Game seed: 11740778803526660099

994 howech the Twirler (level 7, -2/60 HPs)
             Began as a Minotaur Gladiator on May 17, 2023.
             Slain by an orc warrior
             ... wielding a +0 mace
              (12 damage)
             ... on level 6 of the Dungeon.
             The game lasted 00:18:38 (5236 turns).

howech the Twirler (Minotaur Gladiator)             Turns: 5236, Time: 00:18:39

Health: -2/60      AC:  5    Str: 18    XL:     7   Next: 99%
Magic:  9/9        EV: 13    Int:  7    God:
Gold:   262        SH:  0    Dex: 12    Spells: 6/6 levels left

rFire   . . .        a - +1 quarterstaff (protect)
rCold   . . .        (shield currently unavailable)
rNeg    . . .        b - +0 leather armour
rPois   .            c - +1 hat
rElec   .            w - +0 cloak
rCorr   .            (no gloves)
SInv    .            (no boots)
Will    .....        (no amulet)
Stlth   +            (no ring)
HPRegen 0.30/turn    (no ring)
MPRegen 0.11/turn

%: no passive effects
@: no status effects
A: horns 2, retaliatory headbutt
a: no special abilities


You were on level 6 of the Dungeon.
You visited 1 branch of the dungeon, and saw 6 of its levels.
You also visited: Ossuary.

You collected 262 gold pieces.

Inventory:

Hand Weapons
 a - a +1 quarterstaff of protection (weapon)
 t - a +3 short sword
 v - a +3 quarterstaff of chaos
Missiles
 d - 2 throwing nets (quivered)
 e - a javelin
 h - 6 poisoned darts
Armour
 b - a +0 leather armour (worn)
 c - a +1 hat (worn)
 g - a +0 chain mail
 w - a +0 cloak (worn)
Scrolls
 f - 2 scrolls of identify
 m - a scroll of fear
 o - a scroll of amnesia {unknown}
 x - 3 scrolls of teleportation
 y - a scroll of enchant weapon
 z - a scroll of blinking {unknown}
Potions
 i - a potion of flight {unknown}
 j - a potion of invisibility {unknown}
 k - 8 potions of mutation
 l - a potion of might {unknown}
 n - 2 potions of cancellation {unknown}
 p - 3 potions of curing
 q - 2 potions of attraction {unknown}
 r - 3 potions of magic
 s - a potion of berserk rage {unknown}
 u - a potion of heal wounds {unknown}
 A - a potion of haste {unknown}


   Skills:
 + Level 4.8 Fighting
 - Level 5.0 Staves
 + Level 3.9 Throwing
 + Level 4.0 Armour
 - Level 5.0 Dodging
 * Level 5.0 Invocations


You had 6 spell levels left.
You didn't know any spells.
Your spell library contained the following spells:

 Spells                   Type           Power      Damage    Failure   Level
 Summon Small Mammal      Summ           0%         N/A       50%         1
 Animate Armour           Summ/Erth      0%         N/A       99%         4
 Borgnjor's Vile Clutch   Necr/Erth      0%         N/A       100%        5
 Fireball                 Conj/Fire      0%         3d3       100%        5
 Death Channel            Necr           0%         N/A       100%        6
 Monstrous Menagerie      Summ           0%         N/A       100%        7
 Summon Hydra             Summ           0%         N/A       100%        7


Dungeon Overview and Level Annotations

Branches:
Dungeon (6/15)             Temple (0/1) D:5         Ossuary (visited)

Altars:
Cheibriados

Shops:
D:4 ?

Annotations:
D:6 1 runed translucent door, superbruh's ghost, novice DsGl


Innate Abilities, Weirdness & Mutations

You have a pair of horns on your head.
You reflexively headbutt those who attack you in melee.


Message History

Things that are here:
a +0 club; a +0 spear; a gnoll corpse Unknown command.
An orc warrior comes into view. It is wielding a +0 mace.
The orc warrior unwields a +0 mace.
The orc warrior wields a +0 arbalest.
The orc warrior shoots a bolt.
The bolt misses you.
You hear a shout! x2
The orc warrior shoots a bolt.
The bolt barely misses you.
You hear a shout!
You see here a fizzy blue potion.
The orc warrior shoots a bolt.
The bolt closely misses you.
The orc warrior shoots a bolt.
The bolt barely misses you.
The orc warrior shoots a bolt.
The bolt hits you!!
You hear an angry hiss.
An orc wizard and an orc come into view.
The orc is wielding a +3 dagger of venom.
The orc wizard shouts!
The orc shouts!
An orc comes into view. It is wielding a +0 dagger.
The orc warrior shoots a bolt.
The bolt hits you!
* * * LOW HITPOINT WARNING * * *
The orc moves out of view.
Unknown command.
A water moccasin and an orc come into view.
Found a dagger.
The water moccasin hisses angrily.
The orc shouts!
The orc warrior unwields a +0 arbalest.
The orc warrior wields a +0 mace.
The orc warrior hits you with a +0 mace!
* * * LOW HITPOINT WARNING * * *
The orc moves out of view.
You barely miss the orc warrior. You barely miss the orc warrior.
The orc warrior hits you with a +0 mace.
* * * LOW HITPOINT WARNING * * *
The orc warrior barely misses you.
Unknown command.
Okay, then.
It was a potion of magic.
Magic courses through your body.
It was a potion of curing.
You feel better.
The orc warrior hits you with a +0 mace!
You die...

####.....####.+FWS~)~
...........)).###
.###.....####..###
.........#......!#
.#######.#.......#
.........#.......#
##########.......#
.........#
###......@#
........oooo....
####.#####o..... #.
..)... # ..... .....
####


You could see an orc warrior, an orc wizard and 3 orcs.

Vanquished Creatures
  An elf zombie (Ossuary)
  A bullfrog (D:5)
  3 scorpions
  A hound (D:5)
  3 centaur zombies (Ossuary)
  An orc priest (D:4)
  Crazy Yiuf (D:3)
  A jelly (D:4)
  2 sleepcaps (D:5)
  An iguana (D:4)
  6 orc wizards (D:4)
  2 mummies (Ossuary)
  3 gnolls (D:6)
  4 adders
  An ufetubus (D:6)
  An adder zombie (Ossuary)
  3 worms
  4 dart slugs
  16 orcs
  9 endoplasms
  2 giant cockroaches
  5 goblins
  5 hobgoblins
  8 jackals
  10 kobolds
  5 quokkas
  3 ball pythons (D:1)
  4 bats
  5 frilled lizards
  A goblin zombie (Ossuary)
  11 hobgoblin zombies (Ossuary)
  7 kobold zombies (Ossuary)
  10 orc zombies (Ossuary)
  6 rats
  2 rat zombies (Ossuary)
148 creatures vanquished.

Notes
Turn   | Place    | Note
-------+----------+-------------------------------------------
     0 | D:1      | howech the Minotaur Gladiator began the quest for the Orb.
     0 | D:1      | Reached XP level 1. HP: 18/18 MP: 0/0
    62 | D:1      | Reached XP level 2. HP: 24/25 MP: 1/1
    67 | D:1      | Found a faded altar of an unknown god.
   489 | D:1      | Reached skill level 1 in Invocations
   906 | D:1      | Reached XP level 3. HP: 19/30 MP: 2/2
  1400 | D:2      | Reached skill level 1 in Armour
  1758 | D:3      | Got the Vellum of Scree and Unhallowed Secrets
  1761 | D:3      | Reached XP level 4. HP: 38/38 MP: 4/4
  1876 | D:3      | Got the Essays on Supportive Incandescence
  2471 | D:3      | Found a runed translucent door.
  2472 | D:3      | Noticed Crazy Yiuf
  2634 | D:3      | Killed Crazy Yiuf
  2723 | D:4      | Reached XP level 5. HP: 37/45 MP: 5/5
  2944 | D:4      | Found Vetuzxer's Magic Scroll Shop.
  3035 | D:4      | Reached XP level 6. HP: 51/51 MP: 7/7
  3346 | D:4      | Found a sand-covered staircase.
  3351 | Ossuary  | Entered an ossuary
  3684 | Ossuary  | Reached skill level 5 in Staves
  3684 | Ossuary  | Reached XP level 7. HP: 59/59 MP: 8/8
  3820 | D:4      | Found a snail-covered altar of Cheibriados.
  4109 | D:5      | Entered Level 5 of the Dungeon
  4706 | D:5      | Found a staircase to the Ecumenical Temple.
  5133 | D:6      | Reached skill level 5 in Dodging
  5141 | D:6      | Found a runed translucent door.
  5200 | D:6      | Noticed superbruh's ghost (novice DsGl)
  5221 | D:6      | Reached skill level 5 in Invocations
  5236 | D:6      | Slain by an orc warrior

Illustrated notes

Levels and vault maps discovered:
D:1:      matt_arrival_grand_opening, layout_basic,
          ebering_ecumenical_altar_webs, serial_park_tiny_2,
          chequers_serial_rivers_small_3, serial_bayou_lake_a
D:2:      minmay_evil_eye, layout_basic
D:3:      layout_loops_ring, serial_rivers, chequers_serial_rivers_room_b,
          chequers_serial_rivers_marsh, chequers_serial_rivers_micro_d,
          chequers_serial_rivers_large_a, chequers_serial_rivers_micro_c,
          uniq_crazy_yiuf_cottage
D:4:      layout_cave_pools, chei_slow_surprise, serial_shops, shop,
          nicolae_ossuary_entry_false_entrances, roderic_three_in_a_row
D:5:      layout_basic, minmay_temple_entry_hall
D:6:      layout_basic, kiku_gazebo_pond_becter, ebering_ghost_sewer_d

Skill      XL: |  1  2  3  4  5  6  7 |
---------------+----------------------+-----
Invocations    | 1 2 3 5 |  5.0
Armour         | 1 2 4 |  4.0
Staves         | 4 5 |  5.0
Fighting       | 3 4 |  4.8
Dodging        | 4 5 |  5.0
Throwing       | 3 |  3.9

Action                     |  1- 3 |  4- 6 |  7- 9 || total
---------------------------+-------+-------+-------++-------
  Melee: Quarterstaff      |    81 |   160 |   108 ||   349
         Headbutt          |    13 |    25 |    28 ||    66
  Throw: Throwing net      |       |     1 |       ||     1
    Use: Scroll            |     6 |     4 |       ||    10
         Potion            |       |       |     2 ||     2
 Armour: Leather armour    |    33 |    63 |    48 ||   144
  Dodge: Dodged            |    54 |    92 |    70 ||   216
